 Dungeon Crawl Stone Soup version 0.31.0-9-g3a7656b989 (webtiles) character file.

Game seed: 5855667922193905230

590 raph the Cudgeller (level 7, -4/66 HPs)
             Began as a Troll Berserker on Jan 24, 2024.
             Was a Believer of Trog.
             Slain by a black bear (12 damage)
             ... on level 5 of the Dungeon.
             The game lasted 00:05:22 (4200 turns).

raph the Cudgeller (Troll Berserker)                Turns: 4200, Time: 00:05:23

Health: -4/66      AC:  4    Str: 26    XL:     7   Next: 16%
Magic:  6/6        EV: 10    Int:  3    God:    Trog [**....]
Gold:   283        SH:  0    Dex: 11    Spells: 6/6 levels left

rFire   . . .        a - +1 mace
rCold   + . .        (no shield)
rNeg    . . .        b - +0 animal skin
rPois   .            (helmet restricted)
rElec   .            (no cloak)
rCorr   .            (gloves unavailable)
SInv    .            (boots unavailable)
Will    +....        (no amulet)
Stlth   +            f - ring of willpower
HPRegen 1.11/turn    h - ring of protection from cold
MPRegen 0.10/turn

%: no passive effects
@: weakened, on berserk cooldown, slowed, very slow
A: large, unfitting armour, claws 3, regeneration 1, shaggy fur 1, tough skin 1
a: Renounce Religion, Berserk, Trog's Hand


You were on level 5 of the Dungeon.
You worshipped Trog.
Trog was pleased with you.
You visited 1 branch of the dungeon, and saw 5 of its levels.

You collected 283 gold pieces.

Inventory:

Hand Weapons
 a - a +1 mace (weapon)
Missiles
 l - 3 boomerangs
 o - 5 atropa-tipped darts
Armour
 b - a +0 animal skin (worn)
Jewellery
 f - a ring of willpower (left claw)
 h - a ring of protection from cold (right claw)
Wands
 j - a wand of polymorph (26)
 k - a wand of quicksilver (12)
Scrolls
 d - 2 scrolls of enchant weapon
Potions
 c - a potion of might {unknown}
 g - a potion of resistance
 i - a potion of heal wounds
 m - a potion of attraction
 n - a potion of invisibility {unknown}
 q - a potion of curing {unknown}


   Skills:
 - Level 2.4 Fighting
 * Level 7.6 Maces & Flails
 - Level 2.4 Dodging


You had 6 spell levels left.
You didn't know any spells.
Your spell library was empty.

Dungeon Overview and Level Annotations

Branches:
Dungeon (5/15)             Temple (0/1) D:5

Altars:
Fedhas
Hepliaklqana
Yredelemnul
Zin


Innate Abilities, Weirdness & Mutations

You are too large for most types of armour.
You have claws for hands.
Your natural rate of healing is unusually fast.
You are covered in fur. (AC +1)
You have tough skin. (AC +1)


Message History

The gnoll is no longer moving quickly.
The gnoll bouda gazes fiercely through you!
You feel as though you will be weak longer.
The gnoll bouda hits you but does no damage.
You hit the gnoll bouda.
The gnoll bouda is almost dead.
The gnoll bouda utters an invocation to its god.
The gnoll bouda is healed somewhat.
The black bear barely misses you. The black bear claws you.
* * * LOW HITPOINT WARNING * * *
The black bear claws you.
* * * LOW HITPOINT WARNING * * *
You sock the gnoll bouda!
You kill the gnoll bouda!
Trog accepts your kill.
The gnoll is no longer moving quickly.
You feel a strong urge to attack something.
The black bear attacks as it pursues you!
The black bear bites you.
* * * LOW HITPOINT WARNING * * *
The black bear claws you.
* * * LOW HITPOINT WARNING * * *
The black bear barely misses you.
You sock the black bear!
The black bear is moderately wounded.
You sock the black bear!
The black bear is almost dead.
You are no longer berserk.
You are exhausted.
You feel yourself slow down.
The black bear goes berserk!
The gnoll hits you from afar with a +0 spear.
* * * LOW HITPOINT WARNING * * *
The gnoll completely misses you.
As you read the scroll of fog, it dissolves into smoke.
The gnoll is no longer moving quickly.
The black bear barely misses you. The black bear claws you.
* * * LOW HITPOINT WARNING * * *
The black bear completely misses you. The gnoll barely misses you.
The black bear bites you!
You die...

## ########### #...
#.....#...# ...#
#####§§§g.#...#....##
+...§§§g§.'...'...>.#
#...#§@hg)#.(.#.....#
#...#######.........#
#.....<.........#....
###...........#...#
..(
...............#...#
.(
..........##........#
#
..........##.......##
...###....##.......#
g ... #######.......#
.


You could see a black bear (berserk) and 3 gnolls.

Vanquished Creatures
  A water moccasin (D:5)
  A black bear (D:4)
  2 bombardier beetles (D:4)
  A gnoll bouda (D:5)
  A hound (D:5)
  Jessica (D:2)
  Terence (D:3)
  An iguana (D:4)
  Robin (D:2)
  6 gnolls (D:4)
  4 adders
  A shadow imp (D:5)
  2 dart slugs
  A ribbon worm (D:4)
  5 orcs (D:4)
  2 bats
  4 endoplasms
  21 goblins
  7 hobgoblins
  3 jackals (D:1)
  3 quokkas
  7 ball pythons
  2 frilled lizards
  4 kobolds
  5 rats
87 creatures vanquished.

Notes
Turn   | Place    | Note
-------+----------+-------------------------------------------
     0 | D:1      | raph the Troll Berserker began the quest for the Orb.
     0 | D:1      | Reached XP level 1. HP: 22/22 MP: 0/0
    78 | D:1      | Reached skill level 3 in Maces & Flails
   106 | D:1      | Reached XP level 2. HP: 29/29 MP: 1/1
  1142 | D:2      | Reached XP level 3. HP: 36/36 MP: 2/2
  1175 | D:2      | Noticed Jessica
  1188 | D:2      | Killed Jessica
  1189 | D:2      | Reached skill level 4 in Maces & Flails
  1369 | D:2      | Noticed Robin
  1380 | D:2      | Killed Robin
  1381 | D:2      | Reached XP level 4. HP: 44/44 MP: 3/3
  1568 | D:2      | Found a glowing silver altar of Zin.
  1925 | D:3      | Reached ** piety under Trog
  1953 | D:3      | Noticed Terence
  1964 | D:3      | Killed Terence
  1965 | D:3      | Reached skill level 5 in Maces & Flails
  2101 | D:3      | Found a blossoming altar of Fedhas.
  2112 | D:3      | Reached XP level 5. HP: 50/50 MP: 4/4
  2318 | D:3      | Found a basalt altar of Yredelemnul.
  2832 | D:4      | You fall into a shaft and drop 1 floor!
  2832 | D:5      | Entered Level 5 of the Dungeon
  2832 | D:5      | Found a staircase to the Ecumenical Temple.
  2853 | D:5      | Reached skill level 6 in Maces & Flails
  2866 | D:5      | Noticed a water moccasin
  2881 | D:5      | Killed a water moccasin
  2882 | D:5      | Reached XP level 6. HP: 33/59 MP: 5/5
  3265 | D:4      | Found a hazy altar of Hepliaklqana.
  3363 | D:4      | Reached skill level 7 in Maces & Flails
  4030 | D:4      | Reached XP level 7. HP: 29/66 MP: 6/6
  4200 | D:5      | Slain by a black bear

Illustrated notes

Levels and vault maps discovered:
D:1:      ldierk_walled_garden, layout_basic, kennysheep_small_spiral
D:2:      layout_loops_cross, basic_altar, uniq_jessica, uniq_robin
D:3:      layout_basic, lemuel_doored_altar, mainiacjoe_overflow_catwalk,
          nrook_mini_backslash, uniq_terence
D:4:      layout_basic, worldfamousw_hep_ancestral_shrine, sigmund_army
D:5:      layout_basic, kennysheep_little_box, vehumet_statue,
          minmay_temple_entry_sparse_star, ebering_ghost_reflecting_pool,
          patterned_corridor, uniq_menkaure

Skill      XL: |  1  2  3  4  5  6 |
---------------+-------------------+-----
Maces & Flails | 3 4 5 6 7 |  7.6
Fighting       | |  2.4
Dodging        | |  2.4

Action                     |  1- 3 |  4- 6 |  7- 9 || total
---------------------------+-------+-------+-------++-------
  Melee: Mace              |    88 |   169 |    17 ||   274
         Unarmed           |     4 |    10 |       ||    14
         Punch             |       |     2 |       ||     2
  Throw: Boomerang         |       |     6 |       ||     6
         Javelin           |       |       |     3 ||     3
 Invoke: Berserk           |     3 |     6 |     1 ||    10
    Use: Scroll            |       |    12 |     1 ||    13
 Armour: Animal skin       |    54 |   112 |    38 ||   204
         Skin              |     5 |     3 |       ||     8
  Dodge: Dodged            |    61 |    97 |    22 ||   180
